 Dungeon Sprint DCSS version 0.29.1-2-gbd0b4ee654 (webtiles) character file.

Game seed: 9207194850840452059

4 boopmooplesden the Trooper (level 1, -3/22 HPs)
             Began as a Minotaur Fighter on Nov 25, 2022.
             Slain by an ice beast (13 damage)
             ... in the Dungeon (Sprint IX: "|||||||||||||||||||||||||||||").
             The game lasted 00:00:08 (26 turns).

boopmooplesden the Trooper (Minotaur Fighter)         Turns: 26, Time: 00:00:08

Health: -3/22      AC:  7    Str: 20    XL:     1   Next: 58%
Magic:  0/0        EV:  9    Int:  5    God:
Gold:   0          SH:  4    Dex:  9    Spells: 0/0 levels left

rFire   . . .      SeeInvis .   a - +0 war axe
rCold   . . .      Faith    .   c - +0 buckler
rNeg    . . .      Spirit   .   b - +0 scale mail
rPois   .          Reflect  .   (helmet restricted)
rElec   .          Harm     .   (no cloak)
rCorr   .          Rampage  .   (no gloves)
Will    .....      NoTele   +   (no boots)
Stlth   ..........              (no amulet)
HPRegen 0.07/turn               (no ring)
MPRegen 0.07/turn               (no ring)

@: no status effects
A: horns 2, retaliatory headbutt
a: no special abilities


You were in the Dungeon.
You visited 1 branch

Inventory:

Hand Weapons
 a - a +0 war axe (weapon)
Armour
 b - a +0 scale mail (worn)
 c - a +0 buckler (worn)
Scrolls
 j - a scroll of blinking
Potions
 d - a potion of might
 e - a potion of curing
 f - a potion of heal wounds
 g - a potion of haste
 h - 2 potions of magic
 i - a potion of berserk rage


   Skills:
 + Level 4.3 Fighting
 + Level 2.6 Axes
 + Level 4.2 Armour
 + Level 4.2 Shields


You couldn't memorise any spells.
You didn't know any spells.
Your spell library was empty.

Dungeon Overview and Level Annotations

Branches:
Dungeon (1/1)

Altars:


Innate Abilities, Weirdness & Mutations

You have a pair of horns on your head.
You reflexively headbutt those who attack you in melee.


Message History

You closely miss the quokka. You headbutt the quokka.
You kill the quokka!
The bat barely misses you. The bat hits you but does no damage. x2
There is an open door to the Dungeon here.
Things that are here:
a quokka corpse; a rat corpse You closely miss the bat.
The bat barely misses you. The bat hits you but does no damage. x2
You hit the bat but do no damage. You block the bat's attack. x2
The bat barely misses you. You furiously retaliate!
You headbutt the bat.
You kill the bat!
You open the door.
A necrophage, an orc, 2 ice beasts and an iguana come into view.
The orc shouts!
You hit the ice beast but do no damage. Your headbutt misses the ice beast.
The ice beast barely misses you.
You closely miss the ice beast. The ice beast completely misses you.
You hit the ice beast. Your headbutt misses the ice beast.
The ice beast is moderately wounded.
You block the ice beast's attack.
The ice beast hits you but does no damage.
You slash the ice beast!
The ice beast is heavily wounded.
The ice beast hits you. The ice beast freezes you!
You barely miss the ice beast. You headbutt the ice beast!
The ice beast is severely wounded.
The ice beast hits you but does no damage. x2
You closely miss the ice beast. Your headbutt misses the ice beast.
The ice beast is severely wounded.
The ice beast closely misses you.
The iguana hisses menacingly.
You barely miss the ice beast. You headbutt the ice beast.
The ice beast is almost dead.
The ice beast hits you but does no damage.
You barely miss the ice beast.
The ice beast is almost dead.
The ice beast hits you. The ice beast freezes you!
Ouch! That really hurt!
You die... ▓▓▓▓▓▓▓▓▓▓▓▓▓▓▓▓▓▓ ▓<...†....@YnoYl.+ ▓▓▓▓▓▓▓▓▓▓▓▓▓▓▓▓▓▓

You could see 2 ice beasts, a necrophage, an iguana and an orc.

Vanquished Creatures
  2 bats (D)
  A quokka (D)
  A ball python (D)
  A rat (D)
5 creatures vanquished.

Notes
Turn   | Place    | Note
-------+----------+-------------------------------------------
     0 | D        | boopmooplesden the Minotaur Fighter began the quest for the
                  | Orb.
     0 | D        | Reached XP level 1. HP: 19/19 MP: 0/0
    18 | D        | Noticed an ice beast
    18 | D        | Noticed a necrophage
    18 | D        | Noticed an ice beast
    18 | D        | Noticed an iguana
    26 | D        | Slain by an ice beast

Illustrated notes

Levels and vault maps discovered:
D:        linesprint [early_d, line_temple, items_1, d_10, items_2, lair_1,
          lair_end, items_3, orc_1, orc_end, items_4, d_15, swamp_1, shoals_1,
          snake_1, spider_1, d_20, vaults_1, items_5, swamp_end, shoals_end,
          snake_end, spider_end, vaults_end, d_27, items_6, zot_1, zot_end,
          crypt_end, forest_end, elf_end, slime_end, tomb_end, abyss_end,
          pan_hell_end]

Skill      XL: |  1 |
---------------+----+-----
Fighting       | 4 |  4.3
Armour         | 4 |  4.2
Shields        | 4 |  4.2
Axes           | |  2.6

Action                   || total
-------------------------++-------
Melee: War axe           ||    16
       Headbutt          ||     3
Armor: Scale mail        ||    10
Dodge: Dodged            ||    10
Block: Buckler           ||     3
